Map: Neon Violet Square LE

Players

HollyShift

  • Race: Protoss Protoss
  • League: Platinum
  • Spawn Location: 5:00

axu - Winner!

  • Race: Protoss Protoss
  • League: Platinum
  • Spawn Location: 11:00

VOD

Have the link to the VOD?

Description

Time

  • Played on: April 24, 2018, 9:17 a.m.
  • Length: 8:53
Show
View Real Time Build Order
Export as new Build Order

HollyShift Protoss 

Build Orders:  

Get SALT Encoding   

  12  0:01  Probe  
  13  0:13  Probe  
  14  0:20  Pylon  
  14  0:25  Probe  
  15  0:31  Assimilator  
  15  0:38  Probe  
  16  0:45  Gateway  
  16  0:49  Probe  
  17  0:57  Probe  
  18  1:06  Probe  
  18  1:07  Assimilator  
  19  1:16  Gateway  
  19  1:19  Probe  
  19  1:25  Pylon  
  20  1:27  Probe  
  21  1:41  Cybernetics Core  
  21  1:43  Probe  
  22  1:55  Probe  
  23  2:01  Pylon  
  23  2:07  Stalker  
  23  2:17  Stalker  
  23  2:19  Warp Gate  
  27  2:37  Stalker  
  27  2:41  Pylon  
  29  2:47  Sentry  
  30  3:06  Stalker  
  30  3:10  Robotics Facility  
  32  3:13  Stalker  
  32  3:16  Pylon  
  34  3:27  Stalker  
  34  3:33  Pylon  
  31  4:06  Probe  
  31  4:15  Probe  
  32  4:19  Observer  
  34  4:24  Probe  
  35  4:36  Probe  
  36  4:44  Nexus  
  32  5:29  Immortal  
  28  5:36  Stalker x2  
  36  5:48  Gateway  
  36  5:49  Gateway  
  36  6:04  Stalker  
  36  6:05  Stalker  
  36  6:10  Probe  
  41  6:13  Probe  
  42  6:22  Probe x2  
  44  6:30  Probe x2  
  44  6:38  Probe  
  46  6:40  Twilight Council  
  46  6:42  Probe  
  48  6:55  Probe  
  48  6:56  Probe  
  50  7:01  Immortal  
  54  7:10  Forge  
  54  7:30  Stalker x3  
  48  7:53  Zealot  
  48  7:54  Zealot x2  
  36  8:07  Immortal  
  32  8:15  Stalker x3  
Show
View Real Time Build Order
Export as new Build Order

axu Protoss - Winner!

Build Orders:  

Get SALT Encoding   

  12  0:01  Probe  
  13  0:13  Probe  
  14  0:22  Pylon  
  14  0:25  Probe  
  15  0:40  Probe  
  16  0:47  Gateway  
  16  0:53  Assimilator  
  16  1:00  Probe  
  16  1:03  Assimilator  
  17  1:13  Probe  
  17  1:16  Gateway  
  18  1:21  Probe  
  19  1:31  Probe  
  19  1:39  Cybernetics Core  
  20  1:43  Probe  
  21  1:55  Probe  
  22  2:07  Probe  
  23  2:09  Pylon  
  23  2:27  Adept x2, Probe  
  28  2:38  Pylon  
  28  2:39  Probe  
  29  2:47  Pylon  
  29  2:51  Probe  
  30  2:59  Stalker  
  30  3:01  Warp Gate  
  30  3:03  Stalker, Gateway x2  
  34  3:10  Probe  
  35  3:15  Pylon  
  35  3:32  Stalker  
  35  4:00  Stalker x2  
  35  4:01  Stalker  
  39  4:04  Pylon  
  39  4:09  Robotics Facility  
  39  4:18  Sentry  
  41  4:30  Pylon  
  41  4:43  Pylon  
  41  4:46  Immortal  
  38  5:22  Stalker x3  
  38  5:23  Stalker  
  38  5:26  Immortal  
  44  5:50  Stalker  
  44  5:51  Stalker x3  
  44  5:54  Warp Prism  
  54  6:47  Stalker  
  54  6:48  Stalker x3  
  62  7:00  Pylon  
  62  7:02  Pylon  
  62  7:13  Nexus  
  50  7:49  Stalker  
  50  7:50  Stalker x3  
  40  8:13  Probe  
  41  8:20  Stalker x4  
  41  8:26  Probe  
  50  8:38  Probe  
Tags
 
Add a new tag
Caveats
  • Supply blocks, unpowered buildings, or Contaminate may cause inaccurate times.
  • Supply counts are checked every 10 seconds.